 Dungeon Crawl Stone Soup version 0.30-a0-782-ge64f9170bb (webtiles) character file.

Game seed: 10465936485243864569

99 Leeroy the Ducker (level 4, -1/28 HPs)
             Began as an Octopode Transmuter on Feb 22, 2023.
             Slain by a goblin
             ... wielding a +0 club
             ... led by Robin
              (2 damage)
             ... on level 3 of the Dungeon.
             The game lasted 00:02:37 (2202 turns).

Leeroy the Ducker (Octopode Transmuter)             Turns: 2202, Time: 00:02:37

Health: -1/28      AC:  2    Str: 15    XL:     4   Next: 72%
Magic:  4/7        EV: 23    Int: 17    God:
Gold:   140        SH:  0    Dex: 23    Spells: 3/7 levels left

rFire   . . .      SeeInvis .      - Unarmed
rCold   . . .      Faith    .    (shield currently unavailable)
rNeg    . . .      Spirit   .    (helmet currently unavailable)
rPois   x          Reflect  .    (no amulet)
rElec   .          Harm     .    e - +6 ring of dexterity
rCorr   .          Rampage  .    m - +6 ring of strength
Will    .....                    (no ring)
Stlth   ++                       (no ring)
HPRegen 0.24/turn                (no ring)
MPRegen 0.10/turn                (no ring)
                                 (no ring)
                                 (no ring)

@: spider-form
A: venomous fangs, almost no armour, (amphibious), 8 rings, tiny, (camouflage
1), (gelatinous body 1), (nimble swimmer 1), (tentacles)
a: End Transformation


You were on level 3 of the Dungeon.
You were a venomous arachnid creature.
You visited 1 branch of the dungeon, and saw 3 of its levels.

You collected 140 gold pieces.

Inventory:

Missiles
 j - 2 poisoned darts
Jewellery
 e - a +6 ring of dexterity (left front pincers)
 m - a +6 ring of strength (right front pincers)
Scrolls
 b - a scroll of magic mapping {unknown}
 f - a scroll of enchant armour
 i - a scroll of fear {unknown}
 k - a scroll of enchant weapon {unknown}
 l - 2 scrolls of identify {unknown}
 n - a scroll of teleportation {unknown}
Potions
 a - a potion of lignification
 c - a potion of heal wounds {unknown}
 d - a potion of curing {unknown}
 g - a potion of might {unknown}
 h - 2 potions of magic {unknown}
 o - a potion of brilliance {unknown}
 p - a potion of flight {unknown}


   Skills:
 - Level 1.0 Fighting
 + Level 4.4 Dodging
 - Level 3.4 Unarmed Combat
 - Level 2.0 Spellcasting
 - Level 2.0 Transmutations


You had 3 spell levels left.
You knew the following spells:

 Your Spells              Type           Power      Damage    Failure   Level
a - Beastly Appendage     Tmut           16%        N/A       22%         1
b - Spider Form           Tmut/Pois      5%         N/A       58%         3

Your spell library contained the following spells:

 Spells                   Type           Power      Damage    Failure   Level
 Wereblood                Tmut           8%         N/A       30%         2
 Ice Form                 Ice/Tmut       5%         N/A       90%         4


Dungeon Overview and Level Annotations

Branches:
Dungeon (3/15)

Altars:
Hepliaklqana

Annotations:
D:1 1 transporter
D:3 Robin


Innate Abilities, Weirdness & Mutations

You are a venomous arachnid creature.
You have venomous fangs.
You are tiny and dextrous.
Your spellcasting is less reliable in this form.
Your armour is entirely melded.
You are incapable of wielding weapons or throwing items.
You cannot wear most types of armour.
((You are amphibious.))
You can wear up to eight rings at the same time.
((Your skin changes colour to match your surroundings (Stealth+).))
((Your rubbery body absorbs attacks. (AC +1, EV +1)))
((You are camouflaged when in or above water. (Stealth+)))
((You have tentacles for arms and can constrict up to eight enemies at once.))


Message History

The hobgoblin is heavily wounded.
The goblin barely misses you. The hobgoblin closely misses you.
The goblin misses you.
A goblin comes into view. It is wielding a +0 club.
You tentacle-slap the hobgoblin but do no damage.
You grab the hobgoblin.
The hobgoblin is heavily wounded.
You constrict the hobgoblin. The goblin completely misses you.
The hobgoblin barely misses you.
You tentacle-slap the hobgoblin.
You kill the hobgoblin!
The goblin barely misses you. The hobgoblin hits you.
The goblin hits you with a +0 club. The goblin barely misses you.
You bludgeon the goblin!
You kill the goblin!
A hobgoblin comes into view.
The hobgoblin closely misses you. The goblin hits you with a +0 club.
The goblin attacks as you move away! The goblin hits you with a +0 club.
* * * LOW HITPOINT WARNING * * *
The hobgoblin attacks as you move away! The hobgoblin misses you.
The goblin hits you with a +0 club.
* * * LOW HITPOINT WARNING * * *
Robin roars a battlecry!
The goblins go into a battle-frenzy!
As you read the scroll labelled KOCEQUTWOA, it crumbles to dust.
It is a scroll of enchant armour.
You aren't carrying any armour which can be enchanted further.
Robin says, "Bow before me, strongest of all the hobgoblins!"
The goblin hits you with a +0 dagger.
* * * LOW HITPOINT WARNING * * *
The goblin closely misses you. The hobgoblin closely misses you.
Cast which spell? (? or * to list)
Okay, then.
Cast which spell? (? or * to list)
The spell is extremely dangerous to miscast (36% risk of failure)!
Continue anyway?
You turn into a venomous arachnid creature.
The goblin hits you with a +0 dagger.
* * * LOW HITPOINT WARNING * * *
The goblin hits you with a +0 club.
You die...

........ ## #.
....#.# .. ##.
....g# #.## ###..
....##...### ##.
.... #...g..>...
...###.. #..g.....#
#...... #.gw....####
#...... #.gggg......
....[.. ##.)gsg.###.
.......
#####......## ..##..
......(...# .# #..
....##.#..## #.# #.#
. ###.##.#...###.#
#.#
#.####..............
#.#
#..............####
#.#
#.............######
...
.###...............
...


You could see a worm, Robin, 4 hobgoblins and 5 goblins.

Vanquished Creatures
  2 adders (D:2)
  3 worms
  3 dart slugs
  An orc (D:3)
  2 ball pythons (D:3)
  5 bats
  6 endoplasms
  3 giant cockroaches
  7 goblins
  4 hobgoblins
  7 jackals
  2 quokkas (D:1)
  2 frilled lizards (D:1)
  5 kobolds
  6 rats
58 creatures vanquished.

Notes
Turn   | Place    | Note
-------+----------+-------------------------------------------
     0 | D:1      | Leeroy the Octopode Transmuter began the quest for the Orb.
     0 | D:1      | Reached XP level 1. HP: 13/13 MP: 3/3
   153 | D:1      | Reached XP level 2. HP: 17/18 MP: 5/5
   914 | D:1      | Reached XP level 3. HP: 17/23 MP: 6/6
   916 | D:1      | Reached skill level 3 in Dodging
  1378 | D:2      | Reached XP level 4. HP: 21/28 MP: 7/7
  1466 | D:2      | Found a faded altar of an unknown god.
  1545 | D:2      | Reached skill level 4 in Dodging
  1885 | D:3      | Learned a level 3 spell: Spider Form
  2022 | D:3      | Found a hazy altar of Hepliaklqana.
  2192 | D:3      | Noticed Robin
  2202 | D:3      | HP: 1/28 [goblin/+0 dagger[Robin] (4)]
  2202 | D:3      | Slain by a goblin

Illustrated notes

Levels and vault maps discovered:
D:1:      spicycebolla_arrival_risky_transporter, layout_basic
D:2:      wander_river, layout_loops_ring,
          chequers_ecumenical_altar_simple_redux, dreamdust_princess_bridge,
          minmay_misc_feat_square
D:3:      layout_loops_ring, hellmonk_okawaru_the_only_friend_you_need,
          mainiacjoe_overflow_24_doors, chequers_temple_overflow_minitemple,
          kennysheep_jessica_study, uniq_robin, uniq_jessica

Skill      XL: |  1  2  3  4 |
---------------+-------------+-----
Dodging        | 3 4 |  4.4
Fighting       | |  1.0
Unarmed Combat | |  3.4
Spellcasting   | |  2.0
Transmutations | |  2.0

Action                     |  1- 3 |  4- 6 || total
---------------------------+-------+-------++-------
  Melee: Unarmed           |    91 |    39 ||   130
         Tentacles         |    24 |    11 ||    35
         Constrict         |    22 |    15 ||    37
         Punch             |     1 |       ||     1
   Cast: Spider Form       |       |     1 ||     1
    Use: Scroll            |       |     1 ||     1
   Stab: Sleeping          |    12 |     3 ||    15
         Distracted        |     1 |       ||     1
 Armour: Skin              |     7 |     5 ||    12
  Dodge: Dodged            |    49 |    29 ||    78

Table legend: (Time is in decaauts)
 A = Elapsed time spent in this place.
 B = Non-inter-level travel time spent in this place.
 C = Inter-level travel time spent in this place.
 D = Time resting spent in this place.
 E = Time spent auto-exploring this place.
 F = Levels seen in this place.
 G = Mean time per level.
                   A        B        C        D        E       F      G
               +--------+--------+--------+--------+--------+-----+--------+
         Total |   2194 |   2175 |     19 |      0 |   1765 |   3 |  731.3 |
       Dungeon |   2194 |   2175 |     19 |      0 |   1765 |   3 |  731.3 |
               +--------+--------+--------+--------+--------+-----+--------+

Top non-repeatable levels by time:
     D:1: 989 daAuts
     D:2: 884 daAuts
     D:3: 320 daAuts
